 Dungeon Crawl Stone Soup version 0.28-a0-476-g0f06bd746f (webtiles) character file.

Game seed: 1213270437913864468

0 spiderkeys the Skirmisher (level 1, -7/22 HPs)
             Began as a Troll Abyssal Knight on Sept 17, 2021.
             Was a Follower of Lugonu.
             Mangled by a sixfirhy (11 damage)
             ... on level 1 of the Abyss.
             The game lasted 00:00:07 (69 turns).

spiderkeys the Skirmisher (Troll Abyssal Knight)      Turns: 69, Time: 00:00:07

Health: -7/22      AC:  4    Str: 19    XL:     1   Next: 0%
Magic:  1/1        EV:  9    Int:  8    God:    Lugonu [*.....]
Gold:   0          SH:  0    Dex:  9    Spells: 0/0 levels left

rFire   . . .      SeeInvis .     - Unarmed
rCold   . . .      Faith    .   (no shield)
rNeg    . . .      Spirit   .   a - +0 robe
rPois   .          Reflect  .   (helmet restricted)
rElec   .          Harm     .   (no cloak)
rCorr   .          Rampage  .   (gloves unavailable)
Will    .....                   (boots unavailable)
Stlth   +.........              (no amulet)
HPRegen 1.07/turn               (no ring)
MPRegen 0.07/turn               (no ring)

@: no status effects
A: large, unfitting armour, claws 3, regeneration 1, shaggy fur 1, tough skin 1
a: Renounce Religion, Depart the Abyss


You were on level 1 of the Abyss.
You worshipped Lugonu.
Lugonu was aware of your devotion.
You visited 0 branches of the dungeon, and saw 0 of its levels.
You visited the Abyss 1 time.


Innate Abilities, Weirdness & Mutations

You are too large for most types of armour.
You have claws for hands.
Your natural rate of healing is unusually fast.
You are covered in fur. (AC +1)
You have tough skin. (AC +1)


   Skills:
 + Level 2.4 Fighting
 + Level 1.9 Dodging
 + Level 2.0 Unarmed Combat
 + Level 1.5 Invocations


You couldn't memorise any spells.
You didn't know any spells.
Your spell library was empty.

Inventory:

Armour
 a - a +0 robe (worn)

Dungeon Overview and Level Annotations

Branches:
Dungeon (0/15)

Altars:

.. ... .# ##ยง## #.
#....# . .#
.....#.#.
#.#...!..... # ...
...... #.#.##...3#
# . #.@#.##. #.. .#
##.3.#..... .# #.
###..### #... .
#...##..#.... #
#.##.X##.##.#.#.# #
.......#....#
.......#.........##
#. #..#).#..####..
#..... #.. ......#.


You could see a tentacled starspawn and a sixfirhy.


Message History

๐Ÿค– Initializing magus.rc ...
Options error: Delay interrupt name "hungry" not recognised. (~/.crawlrc:4988) โœ… Successfully initialized magus.rc [v1.9.10] Welcome, spiderkeys the Troll Abyssal Knight.
It is said that the Orb of Zot exists deep within this dungeon.
Lugonu says: Depart the Abyss and spread corruption, my servant! (use the ability menu to exit the Abyss) Press ? for a list of commands and other information.
Found a corrupted altar of Lugonu.
There is a corrupted altar of Lugonu here.
A tentacled starspawn comes into view.
Tentacles burst from the starspawn's body! 2 starspawn tentacles come into view.
The starspawn tentacle barely misses you.
A sixfirhy comes into view.
The sixfirhy closely misses you. The sixfirhy barely misses you.
You closely miss the sixfirhy. You scratch the sixfirhy.
You barely miss the sixfirhy. The sixfirhy hits you! The sixfirhy shocks you!
* * * LOW HITPOINT WARNING * * *
The sixfirhy completely misses you. ๐Ÿ˜ฑ HP[-18]
You take 18 damage, and now have 4/22 hp.
MASSIVE DAMAGE!! (PAUSE)
You barely miss the sixfirhy. The sixfirhy hits you.
* * * LOW HITPOINT WARNING * * *
The sixfirhy shocks you!
Ouch! That really hurt!
You die...

Action                   || total
-------------------------++-------
Melee: Unarmed           ||     4
Dodge: Dodged            ||     4

Levels and vault maps discovered:
Abyss:1:  base: Temple, base: Temple, hangedman_abyss_or_decor_stabs

Notes
Turn   | Place    | Note
-------+----------+-------------------------------------------
     0 | Abyss:1  | spiderkeys the Troll Abyssal Knight began the quest for the
                  | Orb.
     0 | Abyss:1  | Reached XP level 1. HP: 22/22 MP: 1/1
     0 | Abyss:1  | magus.rc [v1.9.10]
    53 | Abyss:1  | Noticed a tentacled starspawn
    62 | Abyss:1  | Noticed a sixfirhy
    68 | Abyss:1  | HP: 4/22 [sixfirhy (10)]
    69 | Abyss:1  | Mangled by a sixfirhy

Vanquished Creatures (others)
  2 starspawn tentacles (Abyss:1)
2 creatures vanquished.

Table legend:
 A = Non-vault XP
 B = Vault XP
 C = Vault XP percentage of total XP
 D = Non-vault monster count
 E = Vault monster count
 F = Vault count percentage of total count
                 A         B        C        D         E       F
            +---------+---------+-------+---------+---------+-------
      Total |       0 |       0 |   N/A |       0 |       0 |  -nan
            +---------+---------+-------+---------+---------+-------
            +---------+---------+-------+---------+---------+-------

Illustrated notes

Table legend: (Time is in decaauts)
 A = Elapsed time spent in this place.
 B = Non-inter-level travel time spent in this place.
 C = Inter-level travel time spent in this place.
 D = Time resting spent in this place.
 E = Time spent auto-exploring this place.
 F = Levels seen in this place.
 G = Mean time per level.
                   A        B        C        D        E       F      G
               +--------+--------+--------+--------+--------+-----+--------+
         Total |     69 |     69 |      0 |      0 |     53 |   1 |   69.0 |
         Abyss |     69 |     69 |      0 |      0 |     53 |   1 |   69.0 |
               +--------+--------+--------+--------+--------+-----+--------+

Top non-repeatable levels by time:
 Abyss:1: 69 daAuts
